[Event "ICC tourney 2248 (120 10)"]
[Site "Internet Chess Club"]
[Date "2020.12.27"]
[Round "3"]
[White "nboad"]
[Black "joeandjoe56"]
[Result "1-0"]
[ICCResult "Black resigns"]
[WhiteElo "1872"]
[BlackElo "1744"]
[Opening "Ruy Lopez: exchange variation"]
[ECO "C68"]
[NIC "RL.08"]
[Time "12:03:16"]
[PlyCount "71"]
[TimeControl "7200+10"]

1. e4 e5 2. Nf3 Nc6 3. Bb5 a6 4. Bxc6 dxc6 5. d4 exd4 6. Qxd4 Qxd4 7. Nxd4
Bc5 8. Be3 Nf6 9. f3 O-O 10. Nc3 Re8 11. O-O-O b5 12. Bf4 Bxd4 13. Rxd4 c5
14. Rd2 c6 15. Rhd1 Be6 16. Bd6 c4 17. Ne2 Rad8 18. Bb4 Rxd2 19. Rxd2 Nd7
20. Nf4 Nf8 21. Bxf8 Kxf8 22. Rd6 Rc8 23. Nxe6+ Ke7 24. Rd8 Rxd8 25. Nxd8
Kxd8 26. Kd2 Kd7 27. f4 f6 28. Ke3 Kd6 29. Kd4 c5+ 30. Ke3 h5 31. f5 Ke5
32. c3 b4 33. a3 bxa3 34. bxa3 h4 35. g4 h3 36. Kf3 { Black resigns } 1-0

[Event "ICC tourney 2248 (120 10)"]
[Site "Internet Chess Club"]
[Date "2020.12.27"]
[Round "3"]
[White "iamvoltu"]
[Black "FL2009"]
[Result "0-1"]
[ICCResult "White resigns"]
[WhiteElo "1600"]
[BlackElo "1857"]
[Opening "Queen's bishop game"]
[ECO "A45"]
[NIC "QP.07"]
[Time "12:03:45"]
[PlyCount "92"]
[TimeControl "7200+10"]

1. d4 Nf6 2. Bf4 d5 3. Nf3 e6 4. e3 Bd6 5. Bg3 O-O 6. Bd3 b6 7. c3 c5 8.
Bc2 Ba6 9. a4 Nc6 10. Nbd2 cxd4 11. cxd4 Nb4 12. Nb1 Rc8 13. Nc3 Nxc2+ 14.
Qxc2 Ne4 15. Nd2 Nxc3 16. bxc3 Bb4 17. Nb1 Rc6 18. Qb3 Ba5 19. f3 Bd3 20.
Kf2 Bxb1 21. Raxb1 Rxc3 22. Qd1 Qc8 23. Rc1 Qc4 24. Rxc3 Qxc3 25. Qc1 Rc8
26. Qxc3 Rxc3 27. f4 Kf8 28. Kf3 Rc4 29. Ra1 Ke7 30. Bf2 Kd6 31. g4 f6 32.
h4 Bb4 33. g5 f5 34. g6 hxg6 35. Rg1 Kd7 36. Rxg6 Bf8 37. a5 bxa5 38. Rg1
a4 39. Ra1 a3 40. Ra2 a5 41. h5 Rc1 42. Kg2 Rb1 43. Kg3 Be7 44. Kf3 Kc6 45.
Ke2 Rb2+ 46. Rxb2 axb2 { White resigns } 0-1

[Event "ICC tourney 2248 (120 10)"]
[Site "Internet Chess Club"]
[Date "2020.12.27"]
[Round "3"]
[White "muzikmixer"]
[Black "local0928"]
[Result "0-1"]
[ICCResult "White resigns"]
[WhiteElo "1633"]
[BlackElo "1785"]
[Opening "Sicilian: accelerated fianchetto, Gurgenidze variation"]
[ECO "A30"]
[NIC "QP.11"]
[Time "12:02:57"]
[PlyCount "72"]
[TimeControl "7200+10"]

1. Nf3 Nf6 2. c4 c5 3. Nc3 Nc6 4. d4 cxd4 5. Nxd4 Nxd4 6. Qxd4 g6 7. e4 d6
8. Be3 Bg7 9. Qd2 Ng4 10. Bf4 O-O 11. Be2 Re8 12. Bxg4 Bxg4 13. f3 Be6 14.
b3 a6 15. Rc1 Rc8 16. Be3 b5 17. cxb5 Qa5 18. Bd4 axb5 19. Bxg7 Kxg7 20.
Qd4+ Kg8 21. O-O Rc7 22. Nd5 Rxc1 23. Rxc1 Qxa2 24. Ra1 Qc2 25. Ra7 Bxd5
26. Qxd5 b4 27. Qc4 Qd1+ 28. Kf2 Qd2+ 29. Kg3 Qe1+ 30. Kh3 g5 31. g3 Qf2
32. Rb7 Qxf3 33. Rxb4 Kh8 34. Qd5 Rg8 35. Qf5 g4+ 36. Kh4 Qg2 { White
resigns } 0-1

[Event "ICC tourney 2248 (120 10)"]
[Site "Internet Chess Club"]
[Date "2020.12.27"]
[Round "3"]
[White "chessmaster0981"]
[Black "salamenceg"]
[Result "1-0"]
[ICCResult "Black resigns"]
[WhiteElo "1557"]
[BlackElo "1080"]
[Opening "Grünfeld with e3 & Qb3"]
[ECO "D95"]
[NIC "GI.09"]
[Time "12:03:26"]
[PlyCount "129"]
[TimeControl "7200+10"]

1. d4 Nf6 2. Nf3 g6 3. c4 Bg7 4. Nc3 d5 5. e3 O-O 6. Qb3 dxc4 7. Bxc4 e6 8.
O-O c5 9. dxc5 Nc6 10. Rd1 Qc7 11. Nb5 Qe7 12. Bd2 Qxc5 13. Nfd4 Qh5 14.
Nxc6 bxc6 15. Nc7 Ng4 16. h3 Be5 17. Nxa8 Bh2+ 18. Kh1 e5 19. Rf1 e4 20.
Qd1 Qh4 21. Qe2 Be5 22. Bc3 Bd6 23. Rad1 Bb8 24. Bb4 Nf6 25. f4 Re8 26. Be1
Qh6 27. Kg1 Bxh3 28. gxh3 Qxh3 29. Rf2 Nh5 30. Rh2 Qf5 31. Bh4 Bxf4 32.
exf4 Nxf4 33. Qf1 Qg4+ 34. Kh1 e3 35. Be2 Qf5 36. Bg3 Nxe2 37. Qxe2 Qe4+
38. Kg1 Rxa8 39. Rh4 Qe6 40. Rd6 Qxa2 41. Be5 Qb1+ 42. Kg2 Qf5 43. Bg3 Re8
44. Rf4 Qg5 45. Rd3 Qb5 46. Rf3 f5 47. Rfxe3 Rxe3 48. Rxe3 Qd5+ 49. Kf2 g5
50. Re8+ Kg7 51. Qe5+ Qxe5 52. Bxe5+ Kf7 53. Ra8 Ke6 54. Bh2 h5 55. Rxa7 h4
56. Rc7 Kd5 57. Rf7 Ke6 58. Rg7 Kf6 59. Rc7 g4 60. Rxc6+ Kg5 61. Rc4 h3 62.
Kg3 Kh5 63. b4 Kg6 64. b5 Kh6 65. b6 { Black resigns } 1-0

[Event "ICC tourney 2248 (120 10)"]
[Site "Internet Chess Club"]
[Date "2020.12.27"]
[Round "3"]
[White "IveDoneEnough"]
[Black "atevifred"]
[Result "1/2-1/2"]
[ICCResult "Game drawn by repetition"]
[WhiteElo "1645"]
[BlackElo "1846"]
[Opening "Caro-Kann: two knights variation"]
[ECO "B11"]
[NIC "CK.01"]
[Time "12:03:24"]
[PlyCount "110"]
[TimeControl "7200+10"]

1. e4 c6 2. Nc3 d5 3. Nf3 dxe4 4. Nxe4 Nf6 5. Nxf6+ exf6 6. d4 Bd6 7. Bd3
O-O 8. O-O Bg4 9. b3 Qc7 10. h3 Bh5 11. Bb2 Nd7 12. c4 Rfe8 13. g4 Bg6 14.
Bxg6 hxg6 15. Qd3 Nf8 16. Rad1 Rad8 17. Nd2 Ne6 18. Qf3 Ng5 19. Qg2 Re2 20.
h4 Nh7 21. Rfe1 Rde8 22. Rxe2 Rxe2 23. Qf3 Qe7 24. Kf1 Re6 25. d5 cxd5 26.
cxd5 Re5 27. Bxe5 Qxe5 28. Nc4 Qh2 29. Nxd6 Qxd6 30. Qe3 a6 31. Qe8+ Nf8
32. Qc8 Qh2 33. d6 Qh1+ 34. Ke2 Qe4+ 35. Kd2 Qf4+ 36. Kc2 Qe4+ 37. Kb2 Qe5+
38. Qc3 Qe2+ 39. Rd2 Qe6 40. Qc4 Qe8 41. Qc7 Nd7 42. Qxb7 Qe5+ 43. Kc1 Qa1+
44. Kc2 Qxa2+ 45. Kd1 Qa1+ 46. Ke2 Qe5+ 47. Kf1 Qh2 48. Qxd7 Qh1+ 49. Ke2
Qe4+ 50. Kd1 Qb1+ 51. Ke2 Qe4+ 52. Kd1 Qb1+ 53. Ke2 Qe4+ 54. Kd1 Qb1+ 55.
Ke2 Qe4+ { Game drawn by repetition } 1/2-1/2

[Event "ICC tourney 2248 (120 10)"]
[Site "Internet Chess Club"]
[Date "2020.12.27"]
[Round "3"]
[White "gmcarebear999"]
[Black "fireheart"]
[Result "1-0"]
[ICCResult "Black resigns"]
[WhiteElo "1752"]
[BlackElo "1620"]
[Opening "Modern defense: Averbakh system"]
[ECO "A40"]
[NIC "KF.01"]
[Time "12:03:04"]
[PlyCount "149"]
[TimeControl "7200+10"]

1. d4 g6 2. c4 Bg7 3. Nc3 d6 4. e4 Nd7 5. Nf3 e5 6. Be2 Ne7 7. d5 O-O 8.
O-O h6 9. Ne1 f5 10. f3 f4 11. Nd3 g5 12. b3 h5 13. Bb2 Nf6 14. Nf2 Qe8 15.
c5 Qg6 16. Nb5 Ne8 17. Ba3 Rf6 18. Rc1 Bd7 19. Nxc7 Rc8 20. cxd6 Nxd6 21.
Ne6 Rxc1 22. Qxc1 Nec8 23. Nxg7 Qxg7 24. Bb2 Rg6 25. Nd3 Qe7 26. Nxe5 Rh6
27. Nxd7 Qxd7 28. h4 Qe7 29. e5 Nb6 30. hxg5 Qxg5 31. exd6 Rg6 32. Rf2 Rxd6
33. Qc7 Rd7 34. Qb8+ Kf7 35. Qe5 Qh6 36. d6 Rxd6 37. Bc4+ Nxc4 38. bxc4
Rd1+ 39. Kh2 Rd6 40. Qf5+ Kg8 41. Re2 Rd8 42. Qe6+ Qxe6 43. Rxe6 Rd2 44.
Bc1 Rxa2 45. Bxf4 Rc2 46. Re7 Rxc4 47. Bb8 a5 48. Rxb7 a4 49. Be5 Rc5 50.
f4 Rc2 51. Ra7 Rc4 52. Kh3 Re4 53. Kh4 Re2 54. Rg7+ Kf8 55. Rg3 Kf7 56.
Kxh5 Re4 57. Ra3 Ke6 58. Kg4 Rc4 59. Kf3 Rb4 60. g4 Rc4 61. Ke3 Kd5 62. g5
Ke6 63. Kd3 Rb4 64. Ra2 Kf5 65. Rb2 Re4 66. Rb5 Re1 67. Bc3+ Kxf4 68. Bxe1
a3 69. Bd2+ Kg4 70. Ra5 a2 71. Rxa2 Kf5 72. Bf4 Kxf4 73. g6 Kf5 74. g7 Ke5
75. g8=Q { Black resigns } 1-0

[Event "ICC tourney 2248 (120 10)"]
[Site "Internet Chess Club"]
[Date "2020.12.27"]
[Round "3"]
[White "Priccchess"]
[Black "Niteshc"]
[Result "1-0"]
[ICCResult "Black checkmated"]
[WhiteElo "1806"]
[BlackElo "1644"]
[Opening "Caro-Kann: exchange variation"]
[ECO "B13"]
[NIC "CK.02"]
[Time "12:02:56"]
[PlyCount "149"]
[TimeControl "7200+10"]

1. e4 c6 2. d4 d5 3. exd5 cxd5 4. Nf3 Nc6 5. h3 Nf6 6. Bd3 g6 7. O-O Bf5 8.
Re1 e6 9. Bg5 Bg7 10. Bxf5 gxf5 11. Nc3 Qb6 12. Bxf6 Bxf6 13. Nxd5 Qd8 14.
Nxf6+ Qxf6 15. Ne5 Nxe5 16. dxe5 Qg7 17. Qd3 O-O 18. Rad1 Kh8 19. f4 Rg8
20. Qf3 Rad8 21. Rxd8 Rxd8 22. Qxb7 Qg3 23. Rf1 Rd2 24. Qf3 Qxf3 25. Rxf3
Rxc2 26. Rb3 Kg7 27. a3 a5 28. Rb5 a4 29. Rb4 Kg6 30. Kh2 h5 31. Kg3 Kh6
32. Rxa4 Rxb2 33. Ra8 Kg7 34. a4 Ra2 35. a5 h4+ 36. Kf3 Ra3+ 37. Kf2 Ra2+
38. Kg1 Ra1+ 39. Kh2 Rf1 40. a6 Rxf4 41. Kg1 Ra4 42. a7 Ra2 43. Kf1 f4 44.
Ke1 Kh7 45. Kd1 Kg7 46. Kc1 Kh7 47. Kb1 Ra6 48. Kc2 Kg7 49. Kd3 Ra4 50. Ke2
Ra3 51. Kf2 Kh7 52. Ke2 Kg7 53. Kd2 Kh7 54. Kc2 Kg7 55. Kb2 Ra6 56. Kb3 Kh7
57. Kb4 Kg7 58. Kb5 Ra2 59. Kb6 Rb2+ 60. Kc6 Rc2+ 61. Kb5 Rb2+ 62. Kc5 Rc2+
63. Kd4 Ra2 64. Ke4 Ra4+ 65. Kf3 Kh7 66. Kg4 Kg7 67. Kg5 Kh7 68. Kf6 f3 69.
gxf3 Rf4+ 70. Ke7 Ra4 71. Kxf7 Rxa7+ 72. Rxa7 Kh8 73. Ra8+ Kh7 74. f4 Kh6
75. Rh8# { Black checkmated } 1-0

[Event "ICC tourney 2248 (120 10)"]
[Site "Internet Chess Club"]
[Date "2020.12.27"]
[Round "3"]
[White "vedantpmargale"]
[Black "TheChessShark"]
[Result "0-1"]
[ICCResult "White resigns"]
[WhiteElo "1493"]
[BlackElo "1888"]
[Opening "Bishop's opening"]
[ECO "C23"]
[NIC "IG.04"]
[Time "12:02:57"]
[PlyCount "68"]
[TimeControl "7200+10"]

1. e4 e5 2. Bc4 d6 3. Nf3 c6 4. d3 Be7 5. h3 Nf6 6. O-O O-O 7. c3 b5 8. Bb3
h6 9. a4 Bb7 10. Bc2 Nbd7 11. axb5 cxb5 12. Re1 Qc7 13. Nbd2 Rfd8 14. Qe2
a5 15. Bb1 Nf8 16. Nf1 Ne6 17. Be3 Nh7 18. Ba2 Neg5 19. Ng3 Nxf3+ 20. Qxf3
Bg5 21. Nf5 Bxe3 22. fxe3 Ng5 23. Qg4 Bc8 24. h4 Bxf5 25. Qxf5 Nh7 26. Rf1
Nf6 27. g4 Rf8 28. g5 hxg5 29. hxg5 Ne8 30. Bxf7+ Qxf7 31. Qh3 Qg6 32. Qh4
Nc7 33. Kh2 Ne6 34. d4 Nxg5 { White resigns } 0-1

[Event "ICC tourney 2248 (120 10)"]
[Site "Internet Chess Club"]
[Date "2020.12.27"]
[Round "3"]
[White "mutantpenguin"]
[Black "Gallifreyan"]
[Result "1/2-1/2"]
[ICCResult "Game drawn by mutual agreement"]
[WhiteElo "1377"]
[BlackElo "1689"]
[Opening "French: advance variation"]
[ECO "C02"]
[NIC "FR.03"]
[Time "12:03:22"]
[PlyCount "128"]
[TimeControl "7200+10"]

1. e4 e6 2. d4 d5 3. e5 c5 4. c3 Bd7 5. Nf3 a6 6. Bd3 cxd4 7. cxd4 Bb5 8.
Bxb5+ axb5 9. O-O b4 10. b3 Nc6 11. Be3 Nge7 12. Bg5 Qb6 13. Qd3 Nf5 14.
Rd1 h6 15. Be3 Be7 16. Nbd2 O-O 17. Nf1 Ra6 18. Bf4 Rfa8 19. Rd2 Na7 20.
Ne3 Nxe3 21. Bxe3 Nb5 22. Rc2 Ra3 23. Bc1 R3a6 24. Qd2 Qd8 25. h3 Rc8 26.
Rxc8 Qxc8 27. Bb2 Qa8 28. Bc1 Qc8 29. Bb2 Rc6 30. Ne1 Nc3 31. Bxc3 Rxc3 32.
Rb1 Bg5 33. Qd1 Qa8 34. Ra1 Qa6 35. Kh2 Qa3 36. Qe2 Qa6 37. Qxa6 bxa6 38.
Nf3 Be7 39. Rd1 Rc2 40. Rd2 Rc1 41. Ng1 Bg5 42. Re2 Bd8 43. Nf3 Bb6 44. Rd2
Kf8 45. Kg3 Ke7 46. Kf4 Bc7 47. Ke3 Bb6 48. Ke2 Bc7 49. Rd1 Rxd1 50. Kxd1
f6 51. exf6+ gxf6 52. Ke2 Bb6 53. Kd3 Kd6 54. Nh4 Ke7 55. Ng6+ Kf7 56. Nf4
Bc7 57. Ke3 Bb6 58. Nd3 a5 59. Ne1 e5 60. Nc2 Ke6 61. g4 f5 62. f4 exf4+
63. Kxf4 fxg4 64. Kxg4 Kf6 { Game drawn by mutual agreement } 1/2-1/2

[Event "ICC tourney 2248 (120 10)"]
[Site "Internet Chess Club"]
[Date "2020.12.27"]
[Round "3"]
[White "garynanoman"]
[Black "prabp"]
[Result "1-0"]
[ICCResult "Black checkmated"]
[WhiteElo "1850"]
[BlackElo "1582"]
[Opening "Sicilian: Taimanov variation"]
[ECO "B49"]
[NIC "SI.40"]
[Time "12:03:18"]
[PlyCount "155"]
[TimeControl "7200+10"]

1. e4 c5 2. Nf3 e6 3. d4 cxd4 4. Nxd4 Nc6 5. Nc3 Qc7 6. Be2 a6 7. Be3 Nf6
8. O-O Be7 9. f4 d6 10. Qd2 O-O 11. Bf3 Rd8 12. Na4 e5 13. Nxc6 Qxc6 14.
Nb6 Rb8 15. Nd5 Nxd5 16. exd5 Qb5 17. a4 Qc4 18. Be2 Qc7 19. a5 Qd7 20. Ba7
Ra8 21. Bb6 Re8 22. f5 Bf6 23. c4 e4 24. Bd4 Qe7 25. Ra3 Bxd4+ 26. Qxd4 Qe5
27. Qxe5 Rxe5 28. f6 g6 29. Re3 Bf5 30. g4 Bd7 31. b4 Rc8 32. Rf4 Rce8 33.
b5 g5 34. Rf1 axb5 35. cxb5 Rxd5 36. Rc1 h6 37. a6 bxa6 38. bxa6 Bb5 39.
Ra1 Bxe2 40. Rxe2 Ra8 41. Rxe4 Re5 42. Rb4 Ree8 43. Rb7 d5 44. a7 Kh7 45.
Rxf7+ Kg6 46. Rd7 Kxf6 47. Rxd5 Re7 48. Ra6+ Kg7 49. Rda5 Rf7 50. Kg2 Kh7
51. Ra3 Kg7 52. R3a4 Kh7 53. R4a5 Kg7 54. Ra3 Kh7 55. Rh3 Kg7 56. Rhxh6
Rfxa7 57. Rhg6+ Kh7 58. Rxa7+ Rxa7 59. Rxg5 Ra2+ 60. Kg3 Ra3+ 61. Kh4 Ra2
62. h3 Ra4 63. Rb5 Ra6 64. Kg5 Rg6+ 65. Kh4 Rh6+ 66. Rh5 Kg6 67. Rxh6+ Kxh6
68. g5+ Kg6 69. Kg4 Kg7 70. Kf5 Kf7 71. g6+ Kg7 72. Kg5 Kg8 73. Kf6 Kf8 74.
h4 Kg8 75. g7 Kh7 76. Kf7 Kh6 77. g8=Q Kh5 78. Qg5# { Black checkmated }
1-0

[Event "ICC tourney 2248 (120 10)"]
[Site "Internet Chess Club"]
[Date "2020.12.27"]
[Round "3"]
[White "saisneha"]
[Black "UltimateDL"]
[Result "0-1"]
[ICCResult "White resigns"]
[WhiteElo "1883"]
[BlackElo "1480"]
[Opening "Queen's gambit accepted"]
[ECO "D20"]
[NIC "QG.03"]
[Time "12:02:59"]
[PlyCount "40"]
[TimeControl "7200+10"]

1. d4 d5 2. c4 dxc4 3. e3 e5 4. Bxc4 exd4 5. exd4 Bd6 6. Nc3 Nf6 7. Nge2
O-O 8. O-O Nc6 9. a3 Bf5 10. Be3 Ng4 11. Ng3 Qh4 12. h3 Nxe3 13. fxe3 Qxg3
14. Rxf5 Qxe3+ 15. Kh1 Nxd4 16. Rd5 Qf4 17. Kg1 Qh2+ 18. Kf1 Nc6 19. Nb5
Bg3 20. Rc1 Rfe8 { White resigns } 0-1

[Event "ICC tourney 2248 (120 10)"]
[Site "Internet Chess Club"]
[Date "2020.12.27"]
[Round "3"]
[White "CharlesDQuigley"]
[Black "Draconian"]
[Result "1-0"]
[ICCResult "Black resigns"]
[WhiteElo "1815"]
[BlackElo "1570"]
[Opening "Dutch, 2.Bg5 variation"]
[ECO "A80"]
[NIC "HD.12"]
[Time "12:03:19"]
[PlyCount "59"]
[TimeControl "7200+10"]

1. d4 f5 2. Bg5 h6 3. Bh4 g5 4. e3 Nf6 5. Bg3 Bg7 6. h4 g4 7. Bd3 d6 8. Ne2
O-O 9. Nbc3 Nc6 10. d5 Ne5 11. Nd4 Nh5 12. Qd2 Nxg3 13. fxg3 c5 14. Ne6
Bxe6 15. dxe6 c4 16. Be2 b5 17. Nd5 a5 18. a3 Nc6 19. c3 Be5 20. Kf2 a4 21.
Bd1 Na5 22. Rf1 Nb7 23. Bc2 Nc5 24. Kg1 Nxe6 25. Bxf5 Ng7 26. Bxg4 Rxf1+
27. Rxf1 Bxg3 28. Qc2 Bxh4 29. Qg6 Bf6 30. Be6+ { Black resigns } 1-0

[Event "ICC tourney 2248 (120 10)"]
[Site "Internet Chess Club"]
[Date "2020.12.27"]
[Round "3"]
[White "jgregora"]
[Black "ToughTurtle"]
[Result "1/2-1/2"]
[ICCResult "Game drawn because neither player has mating material"]
[WhiteElo "1686"]
[BlackElo "1476"]
[Opening "KGD: classical variation"]
[ECO "C30"]
[NIC "KG.05"]
[Time "12:03:21"]
[PlyCount "157"]
[TimeControl "7200+10"]

1. e4 e5 2. f4 Bc5 3. Nf3 d6 4. Nc3 c6 5. Bc4 h6 6. fxe5 dxe5 7. Nxe5 Qd4
8. Bxf7+ Kd8 9. Nd3 Bb6 10. Qf3 Nf6 11. h3 Rf8 12. Bg6 Nfd7 13. Qg3 c5 14.
Nf4 Qe5 15. d4 cxd4 16. Qh4+ Nf6 17. Ncd5 Nd7 18. Bd2 Nc5 19. Nxf6 Qxf6 20.
Qxf6+ Rxf6 21. e5 Rf8 22. O-O-O Ne6 23. Nd5 Bc7 24. Nxc7 Kxc7 25. Bb4 Rf2
26. Bd6+ Kc6 27. Be4+ Kb6 28. Rhf1 Rf4 29. Rxf4 Nxf4 30. Bf3 Ne6 31. Rd3 a6
32. g3 a5 33. Kd2 a4 34. h4 Bd7 35. Ke2 Bb5 36. Kd2 Bxd3 37. Kxd3 g5 38.
Bg4 Re8 39. Bxe6 Rxe6 40. Kxd4 gxh4 41. gxh4 Kc6 42. h5 b5 43. Bb4 Re8 44.
a3 Rg8 45. e6 Rg5 46. e7 Kd7 47. b3 Rxh5 48. bxa4 bxa4 49. c4 Rh1 50. Ke5
Rb1 51. Kf6 Ke8 52. c5 Rxb4 53. axb4 a3 54. Ke6 a2 55. c6 a1=Q 56. c7 Qc3
57. Kd6 Qxb4+ 58. Kc6 Qc4+ 59. Kb7 Qxc7+ 60. Kxc7 Kxe7 61. Kc6 h5 62. Kd5
Kf6 63. Ke4 Kg5 64. Kf3 Kf5 65. Kg2 Kg4 66. Kh2 Kh4 67. Kg2 Kg4 68. Kh2 h4
69. Kg2 h3+ 70. Kh2 Kh4 71. Kh1 Kg3 72. Kg1 Kf3 73. Kh2 Kg4 74. Kh1 Kg3 75.
Kg1 Kf3 76. Kh1 Kg3 77. Kg1 h2+ 78. Kh1 Kf2 79. Kxh2 { Game drawn because
neither player has mating material } 1/2-1/2

[Event "ICC tourney 2248 (120 10)"]
[Site "Internet Chess Club"]
[Date "2020.12.27"]
[Round "3"]
[White "StevChess01"]
[Black "che2468"]
[Result "1-0"]
[ICCResult "Black checkmated"]
[WhiteElo "1684"]
[BlackElo "1464"]
[Opening "QGD semi-Slav"]
[ECO "D43"]
[NIC "SL.03"]
[Time "12:03:10"]
[PlyCount "75"]
[TimeControl "7200+10"]

1. d4 d5 2. c4 c6 3. Nf3 Nf6 4. Nc3 e6 5. Bg5 Nbd7 6. cxd5 cxd5 7. e3 Qa5
8. Nd2 Be7 9. Bd3 O-O 10. h3 a6 11. Bf4 Bb4 12. Rc1 Nb8 13. a3 Be7 14. Na4
Nc6 15. O-O Bd7 16. Nc5 Qb6 17. b4 a5 18. b5 Nd8 19. Nxd7 Nxd7 20. Rc7 Bxa3
21. Rxd7 Rc8 22. Qa1 Bb4 23. Rc1 Rxc1+ 24. Qxc1 a4 25. Bc7 Qa7 26. Rxd8
Rxd8 27. Bxd8 a3 28. Nb3 a2 29. Na1 Qa4 30. Bb6 Ba3 31. Qc8+ Bf8 32. Bc5
Qd1+ 33. Bf1 Qxf1+ 34. Kxf1 h6 35. Qxf8+ Kh7 36. Qxf7 b6 37. Bf8 h5 38.
Qxg7# { Black checkmated } 1-0

[Event "ICC tourney 2248 (120 10)"]
[Site "Internet Chess Club"]
[Date "2020.12.27"]
[Round "3"]
[White "orwind"]
[Black "messyblaster"]
[Result "1-0"]
[ICCResult "Black checkmated"]
[WhiteElo "1620"]
[BlackElo "1563"]
[Opening "Scandinavian: Pytel-Wade variation"]
[ECO "B01"]
[NIC "SD.02"]
[Time "12:02:53"]
[PlyCount "137"]
[TimeControl "7200+10"]

1. e4 d5 2. exd5 Qxd5 3. Nc3 Qd6 4. d4 Nf6 5. Nf3 Bg4 6. Be2 c6 7. Be3 e6
8. Qd2 Qc7 9. h3 Bxf3 10. Bxf3 Nbd7 11. O-O Bd6 12. Ne4 Nxe4 13. Bxe4 Nf6
14. Bf3 O-O 15. c4 Rfd8 16. Rad1 Rd7 17. Qe2 Rad8 18. a3 Bh2+ 19. Kh1 Bf4
20. b4 Bxe3 21. Qxe3 Qb6 22. c5 Qa6 23. Be2 Nd5 24. Bxa6 Nxe3 25. fxe3 bxa6
26. Rd2 e5 27. Rfd1 exd4 28. exd4 Kf8 29. Kg1 Ke7 30. Kf2 Ke6 31. Kf3 Kd5
32. Ke3 Re7+ 33. Kd3 Rde8 34. Rf1 Re3+ 35. Kc2 f6 36. Kb2 Re2 37. Rd1 Rxd2+
38. Rxd2 Re3 39. Ka2 Re4 40. Kb3 Rxd4 41. Rxd4+ Kxd4 42. Ka4 h5 43. Ka5 g5
44. Kxa6 g4 45. hxg4 hxg4 46. Kb7 f5 47. b5 f4 48. bxc6 f3 49. gxf3 gxf3
50. c7 f2 51. c8=Q f1=Q 52. c6 Qb5+ 53. Ka8 Kc5 54. c7 Qf1 55. Qb7 Kd6 56.
c8=Q Qf5 57. Qcc6+ Ke5 58. Qbb5+ Kf4 59. Qf1+ Kg5 60. Qcg2+ Kf6 61. Qxf5+
Kxf5 62. Qe2 a5 63. Kb7 a4 64. Kc6 Kf6 65. Qe4 Kf7 66. Qe5 Kf8 67. Qc7 Ke8
68. Qg7 Kd8 69. Qf8# { Black checkmated } 1-0

[Event "ICC tourney 2248 (120 10)"]
[Site "Internet Chess Club"]
[Date "2020.12.27"]
[Round "3"]
[White "attalone"]
[Black "Torsten936"]
[Result "0-1"]
[ICCResult "White resigns"]
[WhiteElo "1700"]
[BlackElo "1704"]
[Opening "Nimzo-Indian: classical variation"]
[ECO "E32"]
[NIC "NI.24"]
[Time "12:03:28"]
[PlyCount "112"]
[TimeControl "7200+10"]

1. d4 Nf6 2. c4 e6 3. Nc3 Bb4 4. Qc2 O-O 5. e3 d5 6. Bd3 Nbd7 7. Ne2 b6 8.
O-O Bb7 9. cxd5 exd5 10. Bd2 Re8 11. a3 Bd6 12. Rac1 c5 13. Qb1 Rc8 14. Nb5
Bb8 15. h3 a6 16. Nbc3 cxd4 17. Nxd4 Ne5 18. Bf5 Qd6 19. f4 Nc4 20. Qc2 Rc7
21. Rce1 Rce7 22. Rf3 b5 23. Bd3 g6 24. Re2 Ba7 25. Bc1 Nxe3 26. Bxe3 Rxe3
27. Kf1 Bxd4 28. Nd1 Rxf3+ 29. gxf3 Qxf4 30. Rxe8+ Nxe8 31. Qe2 Nd6 32. Nf2
Qg3 33. b3 Bxf2 34. Qxf2 Qxf2+ 35. Kxf2 d4 36. a4 f5 37. axb5 axb5 38. h4
Bd5 39. b4 Bc4 40. Be2 Kg7 41. Bd1 Kf6 42. Kg3 h6 43. Kf4 g5+ 44. hxg5+
hxg5+ 45. Kg3 f4+ 46. Kf2 Nf5 47. Bc2 Ne3 48. Be4 Nd5 49. Bxd5 Bxd5 50. Ke2
Bc4+ 51. Kd2 Kf5 52. Ke1 g4 53. fxg4+ Kxg4 54. Kf2 f3 55. Kg1 Kf4 56. Kf2
Ke4 { White resigns } 0-1

[Event "ICC tourney 2248 (120 10)"]
[Site "Internet Chess Club"]
[Date "2020.12.27"]
[Round "3"]
[White "sanjeevraman"]
[Black "HPenguin"]
[Result "0-1"]
[ICCResult "White resigns"]
[WhiteElo "1651"]
[BlackElo "1819"]
[Opening "Sicilian"]
[ECO "B56"]
[NIC "SI.25"]
[Time "12:03:18"]
[PlyCount "96"]
[TimeControl "7200+10"]

1. e4 c5 2. Nf3 d6 3. d4 cxd4 4. Nxd4 Nf6 5. Nc3 Nc6 6. h3 e5 7. Nb3 Be6 8.
Be2 Be7 9. Bg5 O-O 10. O-O h6 11. Bxf6 Bxf6 12. Nd5 Bg5 13. Qd3 Rc8 14. c3
f5 15. Bf3 Ne7 16. Nxe7+ Qxe7 17. Rfd1 fxe4 18. Bxe4 Qf7 19. Qf3 Qc7 20.
Qd3 Qb6 21. Rf1 Bh4 22. Qd2 Kh8 23. Nc1 Rf4 24. Bg6 Rf6 25. Bc2 Rcf8 26.
Nd3 e4 27. Nb4 Rxf2 28. Qd4 Qxd4 29. cxd4 Rxf1+ 30. Rxf1 Rxf1+ 31. Kxf1 a5
32. Bxe4 axb4 33. Bxb7 Bxa2 34. Ke2 Bc4+ 35. Ke3 Bg5+ 36. Ke4 Bc1 37. Bd5
Bxd5+ 38. Kxd5 Bxb2 39. Kc4 Bc3 40. d5 Kg8 41. g4 g5 42. Kb3 Kf7 43. Kc4
Kf6 44. Kb3 Ke5 45. Kc4 Ke4 46. Kb3 Kxd5 47. Kc2 Ke4 48. Kb3 Kf3 { White
resigns } 0-1

[Event "ICC tourney 2248 (120 10)"]
[Site "Internet Chess Club"]
[Date "2020.12.27"]
[Round "3"]
[White "cruiseship"]
[Black "Mapking1"]
[Result "0-1"]
[ICCResult "White resigns"]
[WhiteElo "1716"]
[BlackElo "1874"]
[Opening "Sicilian: dragon, Yugoslav attack, 7...O-O"]
[ECO "B76"]
[NIC "SI.17"]
[Time "12:03:07"]
[PlyCount "88"]
[TimeControl "7200+10"]

1. e4 c5 2. Nf3 d6 3. d4 cxd4 4. Nxd4 Nf6 5. Nc3 g6 6. Be3 Bg7 7. f3 O-O 8.
Qd2 Nc6 9. Nb3 Be6 10. O-O-O Rc8 11. Bh6 a6 12. h4 Bxh6 13. Qxh6 Kh8 14.
Kb1 Rg8 15. Nc5 Qb6 16. Nxe6 fxe6 17. e5 Nxe5 18. Ne4 Qc6 19. Bd3 Nxd3 20.
cxd3 Qc2+ 21. Ka1 Nxe4 22. fxe4 Qxg2 23. Rhg1 Qf3 24. Rdf1 Qh5 25. Qf4 Qe5
26. Qxe5+ dxe5 27. Rf7 Rg7 28. Rf2 g5 29. h5 h6 30. a4 Kg8 31. Rg3 Rf7 32.
Rxf7 Kxf7 33. Ka2 Rc2 34. Rh3 Rg2 35. Kb3 g4 36. Rh4 Kf6 37. Kc3 Kg5 38.
Rh1 g3 39. Kb4 Rxb2+ 40. Ka5 g2 41. Rg1 Kf4 42. Re1 Kf3 43. d4 b6+ 44. Kxa6
Kf2 { White resigns } 0-1

[Event "ICC tourney 2248 (120 10)"]
[Site "Internet Chess Club"]
[Date "2020.12.27"]
[Round "3"]
[White "Nacaroa-Dan"]
[Black "chesslin"]
[Result "1/2-1/2"]
[ICCResult "Game drawn by mutual agreement"]
[WhiteElo "1640"]
[BlackElo "1804"]
[Opening "Robatsch (modern) defense"]
[ECO "B06"]
[NIC "KF.06"]
[Time "12:03:08"]
[PlyCount "101"]
[TimeControl "7200+10"]

1. e4 g6 2. Bc4 d6 3. Nf3 Bg7 4. d4 Nf6 5. Nc3 O-O 6. O-O Bg4 7. h3 Bxf3 8.
Qxf3 Nc6 9. Rd1 Nd7 10. Be3 e5 11. d5 Nd4 12. Bxd4 exd4 13. Ne2 Re8 14. Bb5
c6 15. dxc6 bxc6 16. Ba4 Qb6 17. Bb3 Re7 18. Ng3 a5 19. Rab1 a4 20. Bc4 Ne5
21. Qe2 Nxc4 22. Qxc4 Be5 23. Ne2 c5 24. Qd5 Qb7 25. Qxb7 Rxb7 26. c3 Rab8
27. cxd4 cxd4 28. b3 axb3 29. axb3 Rxb3 30. Rxb3 Rxb3 31. Nxd4 Rb4 32. Nc6
Rxe4 33. f3 Rc4 34. Na5 Rd4 35. Rb1 Ra4 36. Nc6 Ra1 37. Rxa1 Bxa1 38. Kf2
Kf8 39. Ke3 Ke8 40. Ke4 Kd7 41. Kd5 Bc3 42. g4 g5 43. Nb8+ Kc7 44. Nc6 Bf6
45. Na5 Be5 46. Nc4 Bf4 47. Na5 Kd7 48. Nc6 h6 49. Nd4 h5 50. gxh5 Ke7 51.
Nf5+ { Game drawn by mutual agreement } 1/2-1/2